 Dungeon Crawl Stone Soup version 0.29.0-5-ge4962eb29e (webtiles) character file.

Game seed: 16866779463748462922

168 nickcage the Cudgeller (level 5, 0/45 HPs)
             Began as a Minotaur Abyssal Knight on Aug 29, 2022.
             Was a Priest of Lugonu.
             Succumbed to a goblin's poison
             ... on level 3 of the Dungeon.
             The game lasted 00:06:19 (3080 turns).

nickcage the Cudgeller (Minotaur Abyssal Knight)    Turns: 3080, Time: 00:06:20

Health: 0/45       AC: 12    Str: 20    XL:     5   Next: 24%
Magic:  5/5        EV:  7    Int:  7    God:    Lugonu [***...]
Gold:   140        SH:  3    Dex: 10    Spells: 4/4 levels left

rFire   . . .      SeeInvis .   q - +1 flail
rCold   . . .      Faith    .   c - +0 buckler
rNeg    . . .      Spirit   .   p - +0 chain mail
rPois   .          Reflect  .   (helmet restricted)
rElec   .          Harm     .   (no cloak)
rCorr   .          Rampage  .   (no gloves)
Will    .....                   (no boots)
Stlth   ..........              (no amulet)
HPRegen 0.15/turn               m - +4 ring of protection
MPRegen 0.09/turn               (no ring)

@: lethally poisoned (0 -> -14)
A: horns 2, retaliatory headbutt
a: Renounce Religion, Depart the Abyss, Bend Space, Banish


You were on level 3 of the Dungeon.
You worshipped Lugonu.
Lugonu was most pleased with you.
You visited 1 branch of the dungeon, and saw 3 of its levels.
You visited the Abyss 1 time.

You collected 173 gold pieces.
You spent 33 gold pieces at shops.

Inventory:

Hand Weapons
 a - a +1 mace
 q - a +1 flail (weapon)
Missiles
 d - 4 atropa-tipped darts
 n - a silver boomerang (quivered)
Armour
 b - a +0 leather armour
 c - a +0 buckler (worn)
 l - a +0 ring mail
 p - a +0 chain mail (worn)
Jewellery
 m - a +4 ring of protection (left hand)
Scrolls
 j - 2 scrolls of butterflies
 s - a scroll of fear {unknown}
Potions
 e - a potion of resistance {unknown}
 f - a potion of might {unknown}
 g - 2 potions of mutation {unknown}
 i - a potion of haste {unknown}
 r - 3 potions of heal wounds {unknown}


   Skills:
 + Level 3.6 Fighting
 * Level 6.5 Maces & Flails
 - Level 0.6 Throwing
 + Level 2.4 Armour
 - Level 1.1 Dodging
 + Level 0.1 Shields
 - Level 1.7 Invocations


You had 4 spell levels left.
You didn't know any spells.
Your spell library contained the following spells:

 Spells                   Type           Power      Damage    Failure   Level
 Foxfire                  Conj/Fire      0%         2x1d4     100%        1
 Sandblast                Erth           0%         2d4       100%        1
 Passwall                 Tmut/Erth      0%         N/A       100%        2
 Conjure Flame            Conj/Fire      0%         6-21      100%        3
 Inner Flame              Hex/Fire       0%         N/A       100%        3
 Stone Arrow              Conj/Erth      0%         3d7       100%        3
 Flame Wave               Conj/Fire      0%         2d4       100%        4


Dungeon Overview and Level Annotations

Branches:
Dungeon (3/15)

Altars:
Cheibriados
Gozag
Nemelex Xobeh
Trog
Vehumet
Wu Jian

Shops:
D:2 *

Annotations:
D:3 Robin


Innate Abilities, Weirdness & Mutations

You have a pair of horns on your head.
You reflexively headbutt those who attack you in melee.


Message History

The goblin hits you with a +0 club.
You barely miss the goblin.
The goblin is severely wounded.
Robin zaps a wand.
You hear a grinding noise.
You block the goblin's attack.
You sock the goblin!
You kill the goblin!
Lugonu accepts your kill.
You hit the goblin.
You kill the goblin!
Lugonu accepts your kill. Robin throws the goblin at you!
The goblin hits you but does no damage.
You are poisoned.
The goblin hits you but does no damage.
You are more poisoned.
Robin roars a battlecry!
The goblin goes into a battle-frenzy!
The goblin hits you with a +0 dagger. The goblin attacks as you move away!
The goblin hits you with a +0 dagger.
You feel very sick. The hobgoblin hits you.
Things that are here:
a +0 dagger; a goblin corpse You closely miss Robin.
You feel sick. Robin hits you but does no damage.
You block the goblin's attack. The goblin completely misses you.
The hobgoblin hits you.
* * * LOW HITPOINT WARNING * * *
You barely miss Robin.
* * * LOW HITPOINT WARNING * * *
You feel sick. Robin hits you but does no damage.
The goblin hits you but does no damage. x2
You are more poisoned.
The hobgoblin closely misses you. You furiously retaliate!
You headbutt the hobgoblin!
You kill the hobgoblin!
Lugonu accepts your kill.
You sock Robin! Your headbutt misses Robin.
Robin is severely wounded.
You die...

##.......#............ *****
#.......#...........(
***,,,***##......>............
*,......#*##..............###'
***,_g.._...###......###....# #.
*,,,.gg.....................###.
*,,,..⌠g.....##..##.##......###_
*,,,.......###...#..........###.
*,,,_..._.....g@g######.....# #.
*,,,.......#..g#g)....#.....###'
**,,,,,,*#.....)#####.#.........
*******#.............#..#.<....
##.......######..#######
#.........##.####
#.........##..####
#................#
#......#...#####.#


You could see Robin and 3 goblins.

Vanquished Creatures
  A phantom (D:3)
  3 adders (D:3)
  A dart slug (D:3)
  7 orcs (D:3)
  5 endoplasms
  2 giant cockroaches
  7 goblins
  5 hobgoblins
  6 jackals (D:3)
  3 quokkas
  2 ball pythons
  3 bats
  A frilled lizard (D:1)
  7 kobolds
  5 rats
58 creatures vanquished.

Notes
Turn   | Place    | Note
-------+----------+-------------------------------------------
     0 | Abyss:1  | nickcage the Minotaur Abyssal Knight began the quest for
                  | the Orb.
     0 | Abyss:1  | Reached XP level 1. HP: 19/19 MP: 1/1
     1 | D:1      | Escaped the Abyss
   428 | D:1      | Reached skill level 3 in Maces & Flails
   796 | D:1      | Reached XP level 2. HP: 26/26 MP: 2/2
  1381 | D:2      | Found Ditzy's General Store.
  1394 | D:2      | Bought 2 silver boomerangs for 33 gold pieces
  2111 | D:3      | Reached skill level 4 in Maces & Flails
  2111 | D:3      | Reached XP level 3. HP: 14/31 MP: 3/3
  2321 | D:3      | Found a snail-covered altar of Cheibriados.
  2456 | D:3      | Reached skill level 5 in Maces & Flails
  2457 | D:3      | Reached *** piety under Lugonu
  2468 | D:3      | Reached XP level 4. HP: 36/39 MP: 4/4
  2752 | D:3      | Found an opulent altar of Gozag.
  2918 | D:3      | Found an ornate altar of the Wu Jian Council.
  2919 | D:3      | Found a sparkling altar of Nemelex Xobeh.
  2924 | D:3      | Noticed a phantom
  2943 | D:3      | Killed a phantom
  2944 | D:3      | Reached skill level 6 in Maces & Flails
  2944 | D:3      | Reached XP level 5. HP: 40/45 MP: 5/5
  3056 | D:3      | Found a radiant altar of Vehumet.
  3056 | D:3      | Found a bloodstained altar of Trog.
  3056 | D:3      | Noticed Robin
  3080 | D:3      | Succumbed to a goblin's poison

Illustrated notes

Levels and vault maps discovered:
D:1:      shiori_arrival_oz, layout_basic, grunt_decor_junction
D:2:      layout_basic, serial_shops, nicolae_lakefront_shop
D:3:      minmay_chambers_of_threes, layout_rooms, grunt_gozag_breadcrumbs,
          lemuel_doored_altar, grunt_temple_overflow_open,
          serial_co_window_serial, co_window_corner_a, co_window_paths_b,
          co_window_of_opportunity_a, co_window_paths_a, co_window_corner_a,
          co_window_of_opportunity_a, co_window_paths_a, co_window_corner_b,
          co_window_of_opportunity_b, co_window_2corner, co_window_corner_b,
          co_window_of_opportunity_b, co_window_4corner_a, glass_columns_a,
          glass_columns_b, glass_columns_a, glass_columns_a, uniq_robin

Skill      XL: |  1  2  3  4 |
---------------+-------------+-----
Maces & Flails | 3 4 5 6 |  6.5
Fighting       | |  3.6
Throwing       | |  0.6
Armour         | |  2.4
Dodging        | |  1.1
Shields        | |  0.1
Invocations    | |  1.7

Action                   |  1- 3 |  4- 6 || total
-------------------------+-------+-------++-------
Melee: Mace              |    50 |       ||    50
       Headbutt          |     4 |     3 ||     7
       Flail             |    25 |    54 ||    79
       Punch             |     1 |       ||     1
Throw: Boomerang         |     2 |     2 ||     4
  Use: Scroll            |     6 |       ||     6
Armor: Leather armour    |     4 |       ||     4
       Chain mail        |    45 |    26 ||    71
       Ring mail         |     1 |       ||     1
Dodge: Dodged            |    37 |    15 ||    52
Block: Buckler           |       |    14 ||    14
